 Dungeon Crawl Stone Soup version 0.31-a0-145-g046c7d2549 (webtiles) character file.

Game seed: 5510408970435112665

3082 qw the Skirmisher (level 9, 0/82 HPs)
             Began as a Minotaur Hunter on June 7, 2023.
             Succumbed to their own poison gas
             ... on level 7 of the Dungeon.
             The game lasted 00:02:07 (5473 turns).

qw the Skirmisher (Minotaur Hunter)                 Turns: 5473, Time: 00:02:08

Health: 0/82       AC:  9    Str: 15    XL:     9   Next: 58%
Magic:  8/8        EV: 19    Int:  6    God:
Gold:   372        SH:  0    Dex: 19    Spells: 8/8 levels left

rFire   . . .        Y - +0 orcbow
rCold   . . .        (shield currently unavailable)
rNeg    . . .        g - +0 acid dragon scales
rPois   .            (helmet restricted)
rElec   .            m - +0 cloak
rCorr   +            b - +0 pair of gloves
SInv    .            (no boots)
Will    .....        c - amulet of faith
Stlth   ++           l - +4 ring of slaying {mikee}
HPRegen 0.33/turn    q - +5 ring of evasion
MPRegen 0.11/turn

%: faith
@: lethally poisoned (0 -> -7)
A: horns 2, retaliatory headbutt
a: no special abilities


You were on level 7 of the Dungeon.
You visited 2 branches of the dungeon, and saw 8 of its levels.

You collected 372 gold pieces.


Innate Abilities, Weirdness & Mutations

You have a pair of horns on your head.
You reflexively headbutt those who attack you in melee.


   Skills:
 - Level 8.3 Fighting
 + Level 11.9 Ranged Weapons
 - Level 4.5 Armour
 - Level 5.0 Dodging
 - Level 0.7 Stealth


You had 8 spell levels left.
You didn't know any spells.
Your spell library was empty.

Inventory:

Hand Weapons
 Y - a +0 orcbow (weapon)
Armour
 b - a +0 pair of gloves (worn)
 g - +0 acid dragon scales (worn)
 m - a +0 cloak (worn)
Jewellery
 c - an amulet of faith (around neck)
 j - an amulet of reflection
 l - a +4 ring of slaying (left hand) {mikee}
 q - a +5 ring of evasion (right hand)
Scrolls
 d - 2 scrolls of identify
Potions
 a - a potion of mutation
 h - 2 potions of might

Dungeon Overview and Level Annotations

Branches:
Dungeon (7/15)             Temple (1/1) D:5

Altars:
Ashenzari
Elyvilon
Fedhas
Gozag
Kikubaaqudgha
Makhleb
Trog
Uskayaw
Wu Jian
Xom
Yredelemnul
Zin
The Shining One

Shops:
D:5 ?

Annotations:
D:5 3 runed translucent doors, 2 transporters, Blork the orc; qw's ghost, novice GrFi
D:6 4 runed translucent doors
D:7 exclusion: oklob plant


Message History

Enter note:
Enter note:
Enter note:
Enter note:
Enter note:
Enter note:
Enter note: You shoot an arrow.
The arrow hits the plant!
The plant begins to die.
The plant is lightly damaged.
You are engulfed in poison gas.
You are lethally poisoned!
You feel extremely sick.
5466 ||| DRINKING 3 potions of curing.
You feel better.
5466 ||| (to cure poison)
You are engulfed in poison gas.
You are poisoned.
You feel very sick.
5467 ||| DRINKING 2 potions of curing.
You feel better.
5467 ||| (to cure poison)
You are engulfed in poison gas.
You are poisoned.
You feel very sick.
You shoot an arrow. The arrow hits the plant.
The plant is lightly damaged.
You are engulfed in poison gas.
You are lethally poisoned!
You feel very sick.
A nearby plant withers and dies.
5469 ||| DRINKING potion of curing.
You feel better.
5469 ||| (to cure poison)
You are engulfed in poison gas.
You are lethally poisoned!
You feel very sick.
You feel very sick.
You shoot an arrow. The arrow hits the bush.
The bush is lightly damaged.
You feel very sick.
You shoot an arrow. The arrow hits the bush!
The bush is lightly damaged.
You feel sick.
You shoot an arrow. The arrow hits the bush.
The bush is lightly damaged.
You die... # # ## ##. ## ####### #########(. .
PPP PPPPPPP#PPP#PP#.)#. .
PP..PP77PPPPPP##PPPP##.## # 70.0.PP#PP0PPPPPP.7 ##.## # .PPPPP#P@PPP#P7PPP7.#....

# #P0..¤0¤0PPPPPPP##.## #
PPP¤0¤0~.~~.0PP.#7P##.##
#######
P.7P..00¤.0~~..P.PPP##.##
......#
PPP00~~~000~~~0.7PP##..##
#####.#
PPP0~~~~¤P~~~0~PPPPP#####
#####.#
PPP0¤~~~...0¤~0.#PPP# #
...##.#
PP..~0~~.000~~0.#PP7# #
##....#
PPPP~~~~...~~~~PPPPP# ##


You could see an oklob plant.

Vanquished Creatures
  Maggie (D:6)
  A steam dragon (D:3)
  Menkaure (D:5)
  Edmund (D:4)
  2 sky beasts
  4 ice beasts
  5 ogres
  2 centaurs (D:6)
  A kobold brigand (D:7)
  2 bullfrogs (D:7)
  A gnoll sergeant (D:6)
  4 scorpions (D:5)
  5 wights (D:4)
  2 howler monkeys
  A hound (D:6)
  3 iron imps (D:3)
  A jelly (D:7)
  2 iguanas (D:6)
  Natasha (thrice) (D:4)
  A sleepcap (D:6)
  An orc wizard (D:3)
  Robin (D:4)
  4 adders
  4 gnolls (D:6)
  An ufetubus (D:4)
  A worm (D:2)
  2 dart slugs
  16 orcs
  5 ball pythons
  8 endoplasms
  4 giant cockroaches (D:1)
  12 goblins
  6 hobgoblins
  8 jackals
  4 quokkas
  3 bats
  8 kobolds
  4 rats
135 creatures vanquished.

Notes
Turn   | Place    | Note
-------+----------+-------------------------------------------
     0 | D:1      | qw the Minotaur Hunter began the quest for the Orb.
     0 | D:1      | Reached XP level 1. HP: 18/18 MP: 0/0
     0 | D:1      | 0 ||| qw: Version: 0.2-a-117-gc6b5c8b
     0 | D:1      | 0 ||| qw: Game counter: 2539
     0 | D:1      | 0 ||| qw: Always use a shield: true
     0 | D:1      | 0 ||| qw: God list: Okawaru
     0 | D:1      | 0 ||| qw: Allow faded altars: false
     0 | D:1      | 0 ||| qw: Do Orc after D:15 true
     0 | D:1      | 0 ||| qw: Do second Lair branch before Depths: true
     0 | D:1      | 0 ||| qw: Lair rune preference: random
     0 | D:1      | 0 ||| qw: Plans: Normal
     0 | D:1      | 0 ||| PLANNING D:1-11
    82 | D:1      | Reached XP level 2. HP: 23/25 MP: 1/1
    87 | D:1      | Reached skill level 5 in Ranged Weapons
   174 | D:1      | 174 ||| SWAPPING to +0 arbalest.
   175 | D:1      | 175 ||| DROPPING +0 shortbow.
   255 | D:1      | Reached skill level 3 in Fighting
   377 | D:1      | 377 ||| UPGRADING to +0 ring mail.
   387 | D:1      | 387 ||| DROPPING +0 leather armour.
   388 | D:1      | 388 ||| READING scroll labelled VESSOL YSTRO.
   389 | D:1      | 389 ||| READING 3 scrolls labelled KIMAUNLITOZI.
   390 | D:1      | 390 ||| READING scroll labelled PAZETHADGHE.
   391 | D:1      | 391 ||| DRINKING 2 smoky yellow potions.
   392 | D:1      | 392 ||| READING 2 scrolls of identify.
   392 | D:1      | 392 ||| IDENTIFYING smoky grey potion
   393 | D:1      | 393 ||| DROPPING scroll of butterflies.
   394 | D:1      | 394 ||| DROPPING potion of attraction.
   540 | D:2      | Reached XP level 3. HP: 31/31 MP: 2/2
   561 | D:2      | 561 ||| UPGRADING to +0 pair of gloves.
   566 | D:2      | 566 ||| READING scroll labelled GONLUBR GEBB.
   571 | D:2      | 571 ||| DRINKING 2 yellow potions.
   572 | D:2      | 572 ||| DROPPING potion of magic.
   576 | D:2      | 576 ||| STAIRDANCE
   580 | D:2      | 580 ||| STAIRDANCE
   584 | D:2      | 584 ||| STAIRDANCE
   588 | D:2      | 588 ||| STAIRDANCE
   592 | D:2      | 592 ||| STAIRDANCE
   596 | D:2      | 596 ||| STAIRDANCE
   600 | D:2      | 600 ||| STAIRDANCE
   604 | D:2      | 604 ||| STAIRDANCE
   608 | D:2      | 608 ||| STAIRDANCE
   612 | D:2      | 612 ||| STAIRDANCE
   616 | D:2      | 616 ||| STAIRDANCE
   620 | D:2      | 620 ||| STAIRDANCE
   624 | D:2      | 624 ||| STAIRDANCE
   628 | D:2      | 628 ||| STAIRDANCE
   632 | D:2      | 632 ||| STAIRDANCE
   636 | D:2      | 636 ||| STAIRDANCE
   640 | D:2      | 640 ||| STAIRDANCE
   644 | D:2      | 644 ||| STAIRDANCE
   648 | D:2      | 648 ||| STAIRDANCE
   652 | D:2      | 652 ||| STAIRDANCE
   838 | D:2      | Reached skill level 1 in Armour
  1324 | D:2      | 1324 ||| READING 2 scrolls labelled SEAWKU NIFIYNN.
  1325 | D:2      | 1325 ||| DRINKING 2 sapphire potions.
  1326 | D:2      | 1326 ||| DROPPING scroll of amnesia.
  1673 | D:3      | Noticed a steam dragon
  1685 | D:3      | HP: 2/31 [steam dragon (9)]
  1686 | D:3      | 1686 ||| READING scroll of teleportation.
  1688 | D:3      | Killed a steam dragon
  1689 | D:3      | Reached skill level 7 in Ranged Weapons
  1689 | D:3      | Reached XP level 4. HP: 4/38 MP: 3/3
  1689 | D:3      | Reached XP level 5. HP: 5/45 MP: 4/4
  2189 | D:3      | 2189 ||| READING scroll labelled ZYAXZOMIYL.
  2192 | D:3      | 2192 ||| READING scroll labelled YTAJUO CIDAU.
  2193 | D:3      | 2193 ||| READING 2 scrolls of identify.
  2193 | D:3      | 2193 ||| IDENTIFYING golden potion
  2216 | D:4      | Noticed Natasha
  2216 | D:4      | Noticed an ogre
  2218 | D:4      | 2218 ||| STAIRDANCE
  2221 | D:3      | Killed an ogre
  2222 | D:3      | Reached XP level 6. HP: 28/55 MP: 5/5
  2340 | D:3      | Found a burning altar of Makhleb.
  2391 | D:4      | Noticed Robin
  2394 | D:4      | 2394 ||| STAIRDANCE
  2460 | D:4      | Killed Robin
  2461 | D:4      | 2461 ||| STAIRDANCE
  2468 | D:3      | Reached skill level 8 in Ranged Weapons
  2613 | D:4      | Noticed Edmund
  2620 | D:4      | Killed Edmund
  2621 | D:4      | Reached skill level 3 in Armour
  2621 | D:4      | Reached XP level 7. HP: 61/61 MP: 6/6
  2662 | D:4      | Killed Natasha
  2702 | D:4      | Found a shimmering altar of Xom.
  2726 | D:4      | Noticed Natasha
  2727 | D:4      | Killed Natasha
  2728 | D:4      | Reached skill level 3 in Dodging
  2866 | D:4      | Noticed Natasha
  2867 | D:4      | Killed Natasha
  2872 | D:4      | Reached skill level 9 in Ranged Weapons
  3001 | D:4      | 3001 ||| UPGRADING to +0 cloak.
  3006 | D:4      | 3006 ||| UPGRADING to amulet of the acrobat.
  3011 | D:4      | 3011 ||| UPGRADING to amulet of reflection.
  3021 | D:4      | 3021 ||| DROPPING amulet of the acrobat.
  3022 | D:4      | 3022 ||| UPGRADING to +4 ring of slaying {mikee}.
  3023 | D:4      | 3023 ||| READING scroll labelled GEMOTE DIKKAR.
  3024 | D:4      | 3024 ||| READING 2 scrolls of identify.
  3024 | D:4      | 3024 ||| IDENTIFYING murky pink potion
  3025 | D:4      | 3025 ||| DROPPING potion of lignification.
  3030 | D:5      | Entered Level 5 of the Dungeon
  3032 | D:5      | Found a staircase to the Ecumenical Temple.
  3033 | D:5      | 3033 ||| PLANNING TEMPLE
  3036 | D:5      | Found an opulent altar of Gozag.
  3042 | Temple   | Entered the Ecumenical Temple
  3055 | Temple   | 3055 ||| PLANNING D:1-11
  3100 | D:5      | Reached skill level 6 in Fighting
  3100 | D:5      | Reached XP level 8. HP: 71/71 MP: 7/7
  3102 | D:5      | Found a runed translucent gate.
  3102 | D:5      | Found a runed translucent gate.
  3192 | D:5      | Found a transporter.
  3196 | D:5      | Found Qoeg's Magic Scroll Emporium.
  3264 | D:5      | 3264 ||| READING scroll of enchant weapon.
  3264 | D:5      | 3264 ||| ENCHANTING +1 arbalest of draining.
  3270 | D:5      | Noticed Menkaure
  3272 | D:5      | Killed Menkaure
  3272 | D:5      | Noticed Blork the orc
  3273 | D:5      | 3273 ||| FLEEEEING.
  3383 | D:5      | Found a runed translucent gate.
  3387 | D:5      | Noticed qw's ghost (novice GrFi)
  3435 | D:5      | Reached skill level 10 in Ranged Weapons
  3467 | D:5      | Found a transporter.
  3565 | D:5      | 3565 ||| UPGRADING to amulet of faith.
  3607 | D:6      | Noticed Maggie
  3612 | D:6      | Killed Maggie
  3614 | D:6      | HP: 18/75 [ogre/+0 giant club (11)]
  3615 | D:6      | 3615 ||| READING scroll of teleportation.
  3615 | D:6      | HP: 6/75 [ogre/+0 giant club (12)]
  4191 | D:6      | Reached XP level 9. HP: 82/82 MP: 8/8
  4260 | D:6      | Found a large runed translucent door.
  4262 | D:6      | Found a large runed translucent door.
  4280 | D:6      | Reached skill level 11 in Ranged Weapons
  4301 | D:6      | 4301 ||| SWAPPING to +0 orcbow.
  4302 | D:6      | 4302 ||| DROPPING +2 arbalest of draining.
  4333 | D:6      | Found a large runed translucent door.
  4333 | D:6      | Found a large runed translucent door.
  4373 | D:6      | HP: 16/82 [centaur/arrow (9)]
  4376 | D:6      | HP: 7/82 [centaur/arrow (7)]
  4376 | D:6      | HP: 2/82 [centaur/arrow (5)]
  5030 | D:6      | 5030 ||| UPGRADING to +0 acid dragon scales.
  5040 | D:6      | 5040 ||| DROPPING +0 ring mail.
  5041 | D:6      | 5041 ||| DROPPING +6 ring of intelligence.
  5042 | D:6      | 5042 ||| UPGRADING to +5 ring of evasion.
  5043 | D:6      | 5043 ||| READING scroll labelled PITOHY UJOHI.
  5044 | D:6      | 5044 ||| READING 4 scrolls of identify.
  5044 | D:6      | 5044 ||| IDENTIFYING smoky white potion
  5045 | D:6      | 5045 ||| READING 3 scrolls of identify.
  5045 | D:6      | 5045 ||| IDENTIFYING silvery potion
  5046 | D:6      | 5046 ||| DROPPING potion of ambrosia.
  5047 | D:6      | 5047 ||| DROPPING potion of enlightenment.
  5320 | D:7      | Identified the +2 scale mail of Vexation {Harm *Corrode
                  | rElec rC-}
  5350 | D:7      | Found a hide-covered altar of Uskayaw.
  5351 | D:7      | 5351 ||| Stepping ~*~*~tactically~*~*~ (outnumbered).
  5352 | D:7      | 5352 ||| Stepping ~*~*~tactically~*~*~ (outnumbered).
  5354 | D:7      | 5354 ||| Stepping ~*~*~tactically~*~*~ (outnumbered).
  5439 | D:7      | Found a blossoming altar of Fedhas.
  5458 | D:7      | Noticed an oklob plant
  5459 | D:7      | 5459 ||| READING scroll labelled TOXIUT WUNITI.
  5461 | D:7      | 5461 ||| Stepping ~*~*~tactically~*~*~ (cloud).
  5463 | D:7      | 5463 ||| Stepping ~*~*~tactically~*~*~ (cloud).
  5465 | D:7      | HP: 20/82 [poisoned by you (poison gas)]
  5466 | D:7      | 5466 ||| DRINKING 3 potions of curing.
  5466 | D:7      | 5466 ||| (to cure poison)
  5467 | D:7      | 5467 ||| DRINKING 2 potions of curing.
  5467 | D:7      | 5467 ||| (to cure poison)
  5468 | D:7      | HP: 4/82 [poisoned by you (poison gas)]
  5469 | D:7      | 5469 ||| DRINKING potion of curing.
  5469 | D:7      | 5469 ||| (to cure poison)
  5473 | D:7      | Succumbed to their own poison gas

Levels and vault maps discovered:
D:1:      dpeg_arrival_connections, layout_rooms, minmay_pentomino_v4
D:2:      layout_loops_ring, minmay_misc_feat_room
D:3:      layout_basic, demons_altar
D:4:      layout_rooms, xom_butterflies, chequers_garden, uniq_edmund,
          uniq_robin, uniq_natasha
D:5:      layout_cave_pools, grunt_gozag_statues,
          minmay_temple_entry_drinking_statues, gammafunk_ghost_split,
          serial_shops, nicolae_shop_drivethru, serial_bayou_pond_a,
          uniq_menkaure, uniq_blork_the_orc
D:6:      layout_loops_corners, chequers_serial_rivers_room_b,
          minmay_hollow_rounded_squares, uniq_maggie
D:7:      layout_loops_corners, tgw_fedhas, lemuel_doored_altar,
          nicolae_uskayaw_dance_studio, uniq_prince_ribbit1
Temple:   hellmonk_temple_two_chambers

Skill      XL: |  1  2  3  4  5  6  7  8  9 |
---------------+----------------------------+-----
Ranged Weapons | 5 7 8 9 10 11 | 11.9
Fighting       | 3 4 5 6 8 |  8.3
Armour         | 1 3 4 |  4.5
Dodging        | 3 4 5 |  5.0
Stealth        | |  0.7

Action                     |  1- 3 |  4- 6 |  7- 9 || total
---------------------------+-------+-------+-------++-------
   Fire: Shortbow          |    35 |       |       ||    35
         Arbalest          |    45 |    55 |    90 ||   190
         Orcbow            |       |       |    61 ||    61
    Use: Scroll            |     7 |     3 |     8 ||    18
         Potion            |     3 |       |     3 ||     6
 Armour: Leather armour    |     4 |       |       ||     4
         Ring mail         |    14 |    15 |    15 ||    44
         Acid dragon scale |       |       |     4 ||     4
  Dodge: Dodged            |    27 |    37 |    28 ||    92

Table legend:
 A = Non-vault XP
 B = Vault XP
 C = Vault XP percentage of total XP
 D = Non-vault monster count
 E = Vault monster count
 F = Vault count percentage of total count
                 A         B        C        D         E       F
            +---------+---------+-------+---------+---------+-------
      Total |    2762 |    1641 |  37.3 |      98 |      37 |  27.4
            +---------+---------+-------+---------+---------+-------
        D:1 |      29 |       5 |  14.7 |      15 |       3 |  16.7
        D:2 |      26 |       0 |   0.0 |      13 |       0 |   0.0
        D:3 |     435 |     144 |  24.9 |      24 |      12 |  33.3
        D:4 |     460 |     212 |  31.5 |      16 |       6 |  27.3
        D:5 |     478 |     175 |  26.8 |      10 |       1 |   9.1
        D:6 |     700 |     999 |  58.8 |      14 |       9 |  39.1
        D:7 |     634 |     106 |  14.3 |       6 |       6 |  50.0
            +---------+---------+-------+---------+---------+-------
